 Dungeon Crawl Stone Soup version 0.27.0-1-g7a089689b8 (webtiles) character file.

Game seed: 9261858772207496634

21 loansindi the Conjurer (level 2, -5/20 HPs)
             Began as a Draconian Conjurer on Aug 17, 2021.
             Was a Follower of Qazlal.
             Slain by Crazy Yiuf (12 damage)
             ... on level 2 of the Dungeon.
             The game lasted 00:02:43 (1141 turns).

loansindi the Conjurer (Draconian Conjurer)         Turns: 1141, Time: 00:02:45

Health: -5/20      AC:  4    Str:  9    XL:     2   Next: 62%
Magic:  0/5        EV: 12    Int: 18    God:    Qazlal [*.....]
Gold:   81         SH:  1    Dex:  9    Spells: 2/5 levels left

rFire    . . .     SeeInvis .   g - +0 spear (freeze)
rCold    . . .     Faith    .   (no shield)
rNeg     . . .     Spirit   .   (armour unavailable)
rPois    .         Reflect  .   (helmet restricted)
rElec    .         Harm     .   (no cloak)
rCorr    .         Rampage  .   (no gloves)
Will     .....                  (no boots)
Stlth    +.........             (no amulet)
HPRegen  0.06/turn              (no ring)
MPRegen  0.09/turn              (no ring)

@: lethally poisoned (-5 -> -17)
A: AC +4, unfitting armour, cold-blooded
a: Renounce Religion


You were on level 2 of the Dungeon.
You worshipped Qazlal.
Qazlal was aware of your devotion.
You visited 1 branch of the dungeon, and saw 2 of its levels.

You collected 81 gold pieces.

Inventory:

Hand Weapons
 f - a +0 short sword
 g - a +0 spear of freezing (weapon)
Scrolls
 a - a scroll of identify {unknown}
 b - a scroll of enchant weapon {unknown}
 c - 2 scrolls of amnesia {unknown}
 d - a scroll of teleportation {unknown}
Potions
 e - a potion of attraction {unknown}
 h - a potion of brilliance {unknown}


   Skills:
 + Level 0.1 Polearms
 + Level 1.7 Dodging
 + Level 1.7 Stealth
 + Level 2.0 Spellcasting
 + Level 4.7 Conjurations


You had 2 spell levels left.
You knew the following spells:

 Your Spells              Type           Power      Damage    Failure   Level
a - Magic Dart            Conj           72%        1d6       2%          1
b - Searing Ray           Conj           36%        3d4       3%          2

Your spell library contained the following spells:

 Spells                   Type           Power      Damage    Failure   Level
 Dazzling Flash           Conj/Hex       20%        N/A       21%         3
 Fulminant Prism          Conj/Hex       5%         3d7       56%         4
 Iskenderun's Mystic Bla  Conj/Tloc      10%        2d4       56%         4


Dungeon Overview and Level Annotations

Branches:
Dungeon (2/15)

Altars:
Qazlal

Annotations:
D:2 Crazy Yiuf


Innate Abilities, Weirdness & Mutations

Your plain brown scales are hard. (AC +4)
You cannot fit into any form of body armour.
You are cold-blooded and may be slowed by cold attacks.


Message History

Found a mace.
You now have 81 gold pieces (gained 15).
Found two maces.
You see here a +0 mace.
You see here a +0 mace.
You see here a +0 mace.
Found four maces.
Found a runed translucent door.
You see here a +0 mace.
You see here a +0 mace.
You see here a +0 mace.
Crazy Yiuf shouts!
You see here a +0 mace.
Found a mace.
You see here a +0 mace.
You can't see any susceptible monsters within range! (Use Z to cast anyway.) Memorise Searing Ray, consuming 2 spell levels and leaving 2?
You start memorising the spell.
You continue memorising. x2
You finish memorising.
Spell assigned to 'b'.
Number of times to repeat, then command key: You must enter the number of times for the command to repeat.
You open the door.
Crazy Yiuf laughs, "Seed!"
The searing ray hits Crazy Yiuf.
Crazy Yiuf is moderately wounded. (Press . to maintain the ray.) Crazy Yiuf barely misses you.
The searing ray hits Crazy Yiuf.
Crazy Yiuf is heavily wounded.
You block Crazy Yiuf's attack.
The searing ray hits Crazy Yiuf.
Crazy Yiuf is severely wounded.
Crazy Yiuf hits you with a +4 quarterstaff of chaos!
Ouch! That really hurt!
You are lethally poisoned!
The searing ray hits Crazy Yiuf.
Crazy Yiuf is almost dead.
You finish channeling your searing ray.
You feel very sick.
Crazy Yiuf hits you with a +4 quarterstaff of chaos!
Ouch! That really hurt!
You die...

#.# #.## #..#
##.# #.##
♣♣♣♣♣##..# ###
♣♣♣)♣).#.#.#
#.).#♣.)♣)......#
#...g@♣♣♣♣......#
#)).#♣♣ ♣♣.#..##
### ♣♣####


You could see Crazy Yiuf.

Vanquished Creatures
  2 endoplasms (D:1)
  3 hobgoblins (D:1)
  2 kobolds
  A ball python (D:2)
  2 bats (D:1)
  3 frilled lizards
  4 goblins (D:1)
  3 rats (D:1)
20 creatures vanquished.

Vanquished Creatures (others)
  9 plants (D:1)
9 creatures vanquished.

Grand Total: 29 creatures vanquished

Notes
Turn   | Place    | Note
-------+----------+-------------------------------------------
     0 | D:1      | loansindi the Draconian Conjurer began the quest for the
                  | Orb.
     0 | D:1      | Reached XP level 1. HP: 14/14 MP: 3/3
   380 | D:1      | Reached XP level 2. HP: 20/20 MP: 3/5
   561 | D:1      | Found a faded altar of an unknown god.
   570 | D:1      | Became a worshipper of Qazlal Stormbringer
   570 | D:1      | Reached * piety under Qazlal
  1128 | D:2      | Found a runed translucent door.
  1131 | D:2      | Noticed Crazy Yiuf
  1137 | D:2      | Learned a level 2 spell: Searing Ray
  1141 | D:2      | Slain by Crazy Yiuf

Illustrated notes

Levels and vault maps discovered:
D:1:      roderic_crop_circles_arrival_small, layout_basic,
          shapermc_ecumenical_altar_pompeii, minmay_cut_off
D:2:      layout_loops_ring, hangedman_abyss_or_decor_stabs, grunt_decor_cap,
          uniq_crazy_yiuf_cottage, uniq_natasha

Action                   || total
-------------------------++-------
Melee: Unarmed           ||     5
       Short sword       ||     5
       Spear             ||    49
       Tailslap          ||     7
 Cast: Magic Dart        ||    30
       Searing Ray       ||     1
Armor: Skin              ||     3
Dodge: Dodged            ||    16
Block: Other             ||     1
